cohdb
Replays
Latest Replays
All Replays
Popular Replays
Top Player Replays
Match Explorer
How It Works
Community
CoH3 Stats
Reddit
Sign in to upload your games and track your stats! →
Sign in with Steam
Match 31914859
Unlisted
Match 31914859
Overview
Messages
Build Orders
End
Panzergrenadier Squad
Selects Armored Support Battlegroup
Panzergrenadier Squad
Panzergrenadier Squad
Construct Light Support Kompanie
2.5-tonne Medical Truck
Fire Support Elements
Veteran Squad Leaders
Panzerjäger Mechanized Group
Selects Salvage Kits
Flakvierling Half-track
Construct Panzerarmee Kommand
le.IG 18 Mechanized Group
Armored Reserves
Selects Panzer Storm
Emergency Repair Kits
Selects Stuka Dive Bomb
Stuka Dive Bomb
Panzer IV Assault Group
2.5-tonne Medical Truck
Selects Veteran Gunners
Selects Flammpanzer III Medium Tank
Rapid Advance
Stuka Dive Bomb
Flammpanzer III Medium Tank
Panzer IV Assault Group
UH|dun! ツ
UH|ck
iceman
Microsoft Office PowerPoint
Microsoft Office Excel
Microsoft Office Word
0
0
Comments
sign in to comment!
No comments posted yet!